 Dungeon Crawl Stone Soup version 0.18.1-50-g88ac8fd (webtiles) character file.

263 epen the Insei (level 6, -3/49 HPs)
             Began as a Merfolk Monk on Sept 15, 2016.
             Slain by an ogre
             ... wielding a +0 giant club
              (18 damage)
             ... on level 4 of the Dungeon.
             The game lasted 00:03:48 (2972 turns).

epen the Insei (Merfolk Monk)                       Turns: 2972, Time: 00:03:48

Health: -3/49      AC: 12    Str: 11    XL:     6   Next: 19%
Magic:  6/6        EV: 11    Int: 10    God:
Gold:   130        SH:  0    Dex: 18    Spells: 0 memorised, 5 levels left

rFire  . . .     SeeInvis .       - Unarmed
rCold  . . .     Gourm    .     q - +0 scale mail
rNeg   . . .     Faith    .     (no shield)
rPois  .         Spirit   .     h - +2 helmet
rElec  .         Dismiss  .     s - +1 cloak
rCorr  .         Reflect  .     (no gloves)
SustAt +         Harm     .     c - +0 pair of boots
MR     .....                    (no amulet)
Stlth  +.........               (no ring)
                                v - ring of sustain attributes

@: not resistant to hostile enchantments, very unstealthy
A: change form in water, swift swim
a: no special abilities


You were on level 4 of the Dungeon.
You were hungry.

You visited 1 branch of the dungeon, and saw 4 of its levels.

You collected 130 gold pieces.

Inventory:

Missiles
 d - a throwing net (quivered)
Armour
 a - a +0 robe
 c - a +0 pair of boots (worn)
 h - a +2 helmet (worn)
 q - a +0 scale mail (worn)
 s - a +1 cloak (worn)
Jewellery
 v - a ring of sustain attributes (left hand)
 x - an uncursed ring of fire
Scrolls
 n - a scroll of teleportation
 t - 4 scrolls of remove curse
Potions
 e - a potion of berserk rage {unknown}
 j - a potion of might
 k - a potion of invisibility {unknown}
 m - 3 potions of heal wounds {unknown}
 o - a potion of curing {unknown}
 p - 3 potions of cure mutation
 r - a potion of mutation {unknown}
 u - a potion of lignification {unknown}
 w - a potion of cancellation {unknown}
Comestibles
 b - 4 bread rations
 f - a beef jerky
 g - 2 slices of pizza
 i - 3 meat rations
 l - a chunk of flesh


   Skills:
 + Level 4.7 Fighting
 + Level 5.2 Dodging
 - Level 2.1 Stealth
 * Level 6.6 Unarmed Combat


You had 5 spell levels left.
You didn't know any spells.

Dungeon Overview and Level Annotations

Branches:
Dungeon (4/15)
 Temple: D:4-7

Altars:
Elyvilon
Kikubaaqudgha
Nemelex Xobeh
Qazlal


Message History

You hit the ogre.
The ogre is lightly wounded.
The ogre hits you with a giant club!
You hit the ogre.
The ogre is lightly wounded.
Your scale mail prevents you from hitting the ogre.
The ogre is lightly wounded.
The ogre misses you.
You hit the ogre.
The ogre is lightly wounded.
The ogre misses you.
You punch the ogre! You punch the ogre.
The ogre is severely wounded.
You barely miss the ogre.
The ogre is severely wounded.
The ogre hits you with a giant club.
You punch the ogre!
The ogre is almost dead.
The ogre hits you with a giant club!!
You die...

.........#.........#
######...>.........#
#............?#
#......?......#
##.#..........#
#.#.......[$.#
#.#......#'###
#.#......#O#
#.##.#####@# #.
#.......# #######.#
..# #.# #%. ###


You could see an ogre.

Vanquished Creatures
  A scorpion (D:3)
  A howler monkey (D:4)
  2 worker ants (D:4)
  6 adders
  A worm (D:2)
  4 dart slugs
  2 giant geckos
  6 giant cockroaches
  11 goblins
  6 hobgoblins
  A quokka (D:3)
  3 ball pythons
  12 bats
  5 giant newts
  6 kobolds
  2 rats
69 creatures vanquished.

Vanquished Creatures (others)
  A bat (D:1)
  A goblin (D:1)
2 creatures vanquished.

Grand Total: 71 creatures vanquished

Notes
Turn   | Place    | Note
--------------------------------------------------------------
     0 | D:1      | epen the Merfolk Monk began the quest for the Orb.
     0 | D:1      | Reached XP level 1. HP: 18/18 MP: 1/1
     5 | D:1      | Noticed a minotaur zombie
     6 | D:1      | Noticed a merfolk zombie
    85 | D:1      | Reached XP level 2. HP: 17/24 MP: 2/2
   316 | D:1      | Reached skill level 5 in Unarmed Combat
   354 | D:1      | Reached XP level 3. HP: 28/29 MP: 3/3
  1266 | D:2      | Found a sparkling altar of Nemelex Xobeh.
  1493 | D:2      | Reached XP level 4. HP: 29/37 MP: 4/4
  1727 | D:2      | Found a stormy altar of Qazlal.
  1730 | D:2      | Found an ancient bone altar of Kikubaaqudgha.
  1733 | D:2      | Found a white marble altar of Elyvilon.
  2568 | D:3      | Reached skill level 6 in Unarmed Combat
  2568 | D:3      | Reached XP level 5. HP: 31/43 MP: 5/5
  2847 | D:4      | Reached skill level 5 in Dodging
  2847 | D:4      | Reached XP level 6. HP: 45/49 MP: 6/6
  2972 | D:4      | Slain by an ogre

Skill      XL: |  1  2  3  4  5 |
---------------+----------------+-----
Unarmed Combat | 5 6 |  6.6
Fighting       | 4 |  4.7
Dodging        | 5 |  5.2
Stealth        | |  2.1

Action                   |  1- 3 |  4- 6 || total
-------------------------+-------+-------++-------
Melee: Unarmed           |   115 |   119 ||   234
       Punch             |     1 |     4 ||     5
  Use: Scroll            |       |    13 ||    13
 Stab: Sleeping          |     9 |       ||     9
  Eat: Chunk             |     1 |     5 ||     6
Armor: Robe              |    25 |       ||    25
       Scale mail        |       |    50 ||    50
Dodge: Dodged            |    63 |    63 ||   126
